AoeStats
← Zumoshi

Arabia

507449957Analyzed
1v1 RM · 16d ago on Sep 18, 2026· 51m 57s· 2 players
Game mode
Random Map
Map size
Tiny (2 player)
Population
200
Speed
Normal
Resources
Standard
Victory
Conquest
Starting age
Dark Age
Ending age
Imperial Age
RankedLock teamsTeams togetherTeam positionsShared explorationLock speedFull tech treeHidden civsTurbo modeCheats
Victory
Defeat
🇮🇱 Shu · Israel
1114
+17
🇦🇺 Saracens · Australia
1141
-17
Zumoshi
6:50 Loom
9:28 Feudal Age
10:17 Double-Bit Axe
14:05 Fletching
18:09 Horse Collar
23:31 Castle Age
21:39 Gold Mining
22:06 Padded Archer Armor
24:24 Bow Saw
23:37 Crossbowman
24:16 Bodkin Arrow
25:14 Husbandry
26:21 Leather Archer Armor
28:22 Wheelbarrow
29:31 Ballistics
29:24 Thumb Ring
31:04 Heavy Plow
38:12 Imperial Age
38:18 Imperial Age
37:11 Scale Mail Armor
37:53 Squires
37:16 Pikeman
37:46 Arson
38:26 Hand Cart
37:57 Town Watch
38:38 Chain Mail Armor
38:40 Forging
38:43 Arbalester
39:59 Bracer
41:04 Chemistry
41:33 Plate Mail Armor
40:47 Halberdier
43:43 Bolt Magazine
44:06 Conscription
45:22 Ring Archer Armor
45:59 Coiled Serpent Array
45:21 Elite White Feather Guard
49:41 Two-Man Saw
48:55 Town Patrol
maxxroo1
6:26 Loom
9:40 Feudal Age
10:33 Double-Bit Axe
10:41 Horse Collar
16:38 Wheelbarrow
19:58 Castle Age
18:56 Bloodlines
18:57 Scale Barding Armor
19:34 Bloodlines
21:01 Chain Barding Armor
20:54 Bow Saw
20:45 Heavy Plow
23:40 Husbandry
23:57 Forging
35:15 Fletching
38:27 Imperial Age
35:33 Elite Skirmisher
36:53 Fletching
37:03 Padded Archer Armor
37:44 Bodkin Arrow
38:40 Ballistics
38:40 Masonry
39:34 Conscription
39:31 Leather Archer Armor
40:32 Bracer
41:54 Ring Archer Armor
43:32 Chemistry
43:39 Thumb Ring
43:29 Crossbowman
47:58 Light Cavalry
51:14 Arbalester
Connection lost

Rejoining the realm…

Still unreachable

The connection could not be restored.

Session expired

The server has moved on; the page needs a fresh start.